Flyers vs Panthers
Created - January 27, 2020 at 21:12
Goals
|
Flyers |
0 |
4 |
0 |
4 |
Panthers |
0 |
2 |
1 |
3 |
|
Shots
|
Flyers |
4 |
18 |
9 |
31 |
Panthers |
11 |
17 |
11 |
39 |
|
1st period
No Goal
Penalties :
Matt Duchene (Flo) for Hooking (Minor) at 10:11
2nd period
1. Panthers , Patrick Eaves 4 (Daniel Paille 6, Jonathan Matsumoto 2) at 4:23
2. Flyers , Jordan Nolan 9 (Tomas Kubalik 6, Brock Nelson 7) at 7:52
3. Flyers , Marcus Kruger 16 (Mats Zuccarello 23, J.T. Miller 17) at 9:40 (PP)
4. Flyers , Matthew Lombardi 5 (Chris Mcallister 6, Jeff Woywitka 10) at 13:04
5. Panthers , David Booth 11 (Stephen Weiss 13, Mark Pysyk 5) at 13:41
6. Flyers , Jeff Carter 13 (Jakub Voracek 16, Drew Miller 21) at 15:43 (PP)
Penalties :
Petr Mrazek (Flo) for Delaying the game (Minor) at 9:06 - Erik Gudbranson served the penalty, Marek Svatos (Flo) for Holding (Minor) at 14:59, Jonathan Matsumoto (Flo) for Slashing (Minor) at 17:34
3rd period
7. Panthers , Alex Galchenyuk 18 (Matt Duchene 31, Marek Svatos 17) at 0:43 (PP)
Penalties :
Tomas Kubalik (Phi) for Hooking (Minor) at 0:32, Marek Svatos (Flo) for Hooking (Minor) at 1:38, Matt Smaby (Phi) for Hooking (Minor) at 4:58
Goalie Stats
Steve Mason (Phi), 36 saves from 39 shots - (0.923), W, 18-10-2, 60:00 minutes
Petr Mrazek (Flo), 27 saves from 31 shots - (0.871), L, 14-12-1, 59:51 minutes
Players Stats for Flyers
Player Name G A P +/- PIM S H SB GA TA FO MP PP MP PK MP
------------------------------------------------------------------------------------
Brian Lashoff 0 0 0 1 0 0 0 2 0 0 0/0 13:38 0:00 1:25
Brock Nelson 0 1 1 0 0 2 0 0 0 1 0/3 13:26 0:00 0:00
Chris Mcallister 0 1 1 1 0 1 1 0 1 0 0/0 12:17 0:01 1:04
Drew Miller 0 1 1 0 0 1 2 0 0 0 0/0 17:56 4:23 0:07
J.T. Miller 0 1 1 -1 0 2 1 0 0 1 0/2 17:49 2:51 0:59
Jakub Voracek 0 1 1 0 0 1 3 0 2 1 2/2 18:05 4:23 0:00
Jeff Carter 1 0 1 0 0 3 0 0 1 0 11/20 18:02 4:23 0:00
Jeff Woywitka 0 1 1 1 0 2 3 2 0 1 0/0 22:24 4:50 1:25
Jonathan Ericsson 0 0 0 1 0 1 3 0 1 0 0/0 23:53 4:50 0:00
Jordan Nolan 1 0 1 0 0 5 2 1 1 0 6/13 14:38 0:01 0:42
Marcus Kruger 1 0 1 -1 0 2 0 3 0 0 3/11 16:57 2:51 0:24
Mats Zuccarello 0 1 1 -1 0 2 1 1 0 0 0/0 16:29 2:51 0:00
Matt Smaby 0 0 0 1 2 1 0 0 1 2 0/0 19:26 0:00 0:00
Matthew Lombardi 1 0 1 1 0 4 0 0 0 0 2/8 10:58 0:00 1:04
Nathan Beaulieu 0 0 0 -2 0 0 3 0 1 1 0/0 18:31 2:25 0:45
Oliver Ekman-Larsson 0 0 0 -2 0 1 1 1 1 1 0/0 22:06 2:25 0:45
Ryan Callahan 0 0 0 1 0 3 0 0 0 0 1/1 9:04 0:01 0:00
Tomas Kubalik 0 1 1 0 2 0 0 0 0 0 0/1 12:09 0:00 0:00
Players Stats for Panthers
Player Name G A P +/- PIM S H SB GA TA FO MP PP MP PK MP
------------------------------------------------------------------------------------
Alex Galchenyuk 1 0 1 0 0 5 1 0 1 0 1/1 19:41 1:01 0:33
Brandon Gormley 0 0 0 1 0 1 1 0 0 2 0/0 21:38 1:31 3:02
Chad Larose 0 0 0 1 0 1 1 3 1 1 0/0 18:12 0:00 4:24
Christian Ehrhoff 0 0 0 -1 0 0 0 0 0 1 0/0 11:49 0:00 0:00
Daniel Paille 0 1 1 -1 0 1 2 0 0 0 0/0 9:01 0:00 0:00
David Booth 1 0 1 1 0 5 0 0 2 0 0/0 14:51 1:09 0:00
Drew Stafford 0 0 0 0 0 1 0 1 0 0 0/0 14:37 1:09 2:04
Erik Gudbranson 0 0 0 0 0 2 0 1 1 2 0/0 28:48 1:31 4:13
Jonathan Matsumoto 0 1 1 -1 2 1 3 0 0 0 1/4 8:51 0:00 1:10
Jonathan Sigalet 0 0 0 0 0 1 1 2 1 1 0/0 26:58 0:39 4:47
Kyle Wellwood 0 0 0 0 0 2 0 0 1 0 9/17 15:59 0:00 4:19
Linus Omark 0 0 0 0 0 0 1 1 0 0 0/0 9:46 0:00 0:00
Lubomir Visnovsky 0 0 0 -1 0 0 0 0 0 0 0/0 11:41 0:00 0:00
Marek Svatos 0 1 1 0 4 6 1 0 0 0 0/0 19:54 1:01 1:08
Mark Pysyk 0 1 1 1 0 0 1 2 0 1 0/0 18:51 0:39 2:28
Matt Duchene 0 1 1 0 2 6 3 0 1 1 18/29 19:32 1:01 0:37
Patrick Eaves 1 0 1 -1 0 2 0 0 0 0 0/0 7:28 0:00 0:00
Stephen Weiss 0 1 1 1 0 5 0 0 0 0 7/10 15:04 1:09 0:15
3 Stars
1 - Jordan Nolan (Phi)
2 - Matthew Lombardi (Phi)
3 - Jeff Woywitka (Phi)
Power Play
Flyers - 2 on 5 Attempt(s) - 40.00%
Panthers - 1 on 2 Attempt(s) - 50.00%
Penalty Kill
Flyers - 1 on 2 Attempt(s) - 50.00%
- Score 0 goal in Penalty Kill
Panthers - 3 on 5 Attempt(s) - 60.00%
- Score 0 goal in Penalty Kill
Team Stat
Flyers - Hits : 20 - Faceoff Wins : 25 - Blocked Shots : 10 - Penalty Minutes : 4
Panthers - Hits : 15 - Faceoff Wins : 36 - Blocked Shots : 10 - Penalty Minutes : 10
Official
Referees : Unknown
Linesman : Unknown
Game Notes
No Game Note
Finance
Level 1 -- Attendance: 4707 (78.45%) -- Ticket Income $555,426
Level 2 -- Attendance: 3739 (74.78%) -- Ticket Income $257,991
Level 3 -- Attendance: 2000 (100.00%) -- Ticket Income $86,000
Level 4 -- Attendance: 2860 (71.50%) -- Ticket Income $91,520
Luxury Box -- Attendance: 836 (83.60%) -- Ticket Income $163,020
Game was played at the Bank Atlantic Cente.
Total Attendance: 14142 (78.57%)
Total Ticket Income: $1,153,957
Other Income: $173,094
Total Income: $1,327,051
Flyers
5 vs 5 Forward
Center Left Wing Right Wing Time % Phy DF OF
1 Jeff Carter Drew Miller Jakub Voracek 30 0 1 4
2 Marcus Kruger J.T. Miller Mats Zuccarello 30 0 1 4
3 Jordan Nolan Brock Nelson Tomas Kubalik 30 0 2 3
4 Matthew Lombardi Chris Mcallister Ryan Callahan 10 1 3 1
5 vs 5 Defense
Defense Defense Time % Phy DF OF
1 Matt Smaby Jonathan Ericsson 40 1 2 2
2 Nathan Beaulieu Oliver Ekman-Larsson 30 1 2 2
3 Brian Lashoff Jeff Woywitka 20 1 2 2
4 Oliver Ekman-Larsson Jeff Woywitka 10 1 2 2
PowerPlay Forward
Center Left Wing Right Wing Time % Phy DF OF
1 Jeff Carter Drew Miller Jakub Voracek 60 0 0 5
2 Marcus Kruger J.T. Miller Mats Zuccarello 40 0 0 5
PowerPlay Defense
Defense Defense Time % Phy DF OF
1 Jonathan Ericsson Jeff Woywitka 60 0 2 3
2 Oliver Ekman-Larsson Nathan Beaulieu 40 0 2 3
Penalty Kill 4 Players Forward
Center Wing Time % Phy DF OF
1 Matthew Lombardi Chris Mcallister 60 0 4 1
2 Jordan Nolan Drew Miller 40 0 4 1
Penalty Kill 4 Players Defense
Defense Defense Time % Phy DF OF
1 Brian Lashoff Jeff Woywitka 60 1 4 0
2 Matt Smaby Oliver Ekman-Larsson 40 1 4 0
Penalty Kill - 3 Players Forward
Forward Time % Phy DF OF
1 Matthew Lombardi 60 0 4 1
2 Jordan Nolan 40 0 4 1
Penalty Kill - 3 Players Defense
Defense Defense Time % Phy DF OF
1 Brian Lashoff Jeff Woywitka 60 1 4 0
2 Matt Smaby Oliver Ekman-Larsson 40 1 4 0
4 vs 4 Forward
Center Wing Time % Phy DF OF
1 Jeff Carter J.T. Miller 60 0 2 3
2 Marcus Kruger Drew Miller 40 0 2 3
4 vs 4 Defense
Defense Defense Time % Phy DF OF
1 Jonathan Ericsson Matt Smaby 60 0 3 2
2 Nathan Beaulieu Oliver Ekman-Larsson 40 0 3 2
Last Minutes Offensive
Center Left Wing Right Wing Defense Defense
Jeff Carter Drew Miller Jakub Voracek Oliver Ekman-Larsson Jeff Woywitka
Last Minutes Defensive
Center Left Wing Right Wing Defense Defense
Matthew Lombardi Chris Mcallister Ryan Callahan Oliver Ekman-Larsson Jeff Woywitka
Goaltenders
Starting : Steve Mason
Backup : Cam Ward
Extra Forwards
Normal : Jeff Carter, Chris Mcallister, Drew Miller - PP : Jeff Carter, Drew Miller - PK : Chris Mcallister
Extra Defensemen
Normal : Brian Lashoff, Nathan Beaulieu, Matt Smaby - PP : Brian Lashoff - PK : Nathan Beaulieu, Matt Smaby
Penalty Shots
Jeff Carter, Jordan Nolan, J.T. Miller, Jakub Voracek, Ryan Callahan
Scratches
None
Panthers
5 vs 5 Forward
Center Left Wing Right Wing Time % Phy DF OF
1 Matt Duchene Alex Galchenyuk Marek Svatos 40 0 2 3
2 Stephen Weiss David Booth Chad Larose 30 0 2 3
3 Kyle Wellwood Linus Omark Drew Stafford 20 0 3 2
4 Jonathan Matsumoto Daniel Paille Patrick Eaves 10 1 2 2
5 vs 5 Defense
Defense Defense Time % Phy DF OF
1 Erik Gudbranson Jonathan Sigalet 40 0 2 3
2 Brandon Gormley Mark Pysyk 30 0 2 3
3 Lubomir Visnovsky Christian Ehrhoff 20 0 3 2
4 Erik Gudbranson Jonathan Sigalet 10 0 2 3
PowerPlay Forward
Center Left Wing Right Wing Time % Phy DF OF
1 Matt Duchene Alex Galchenyuk Marek Svatos 60 0 1 4
2 Stephen Weiss David Booth Drew Stafford 40 0 1 4
PowerPlay Defense
Defense Defense Time % Phy DF OF
1 Erik Gudbranson Brandon Gormley 60 0 2 3
2 Jonathan Sigalet Mark Pysyk 40 0 2 3
Penalty Kill 4 Players Forward
Center Wing Time % Phy DF OF
1 Kyle Wellwood Chad Larose 60 1 3 1
2 Jonathan Matsumoto Drew Stafford 40 1 3 1
Penalty Kill 4 Players Defense
Defense Defense Time % Phy DF OF
1 Erik Gudbranson Jonathan Sigalet 60 1 4 0
2 Mark Pysyk Brandon Gormley 40 1 4 0
Penalty Kill - 3 Players Forward
Forward Time % Phy DF OF
1 Chad Larose 60 1 3 1
2 Drew Stafford 40 1 3 1
Penalty Kill - 3 Players Defense
Defense Defense Time % Phy DF OF
1 Erik Gudbranson Jonathan Sigalet 60 1 4 0
2 Mark Pysyk Brandon Gormley 40 1 4 0
4 vs 4 Forward
Center Wing Time % Phy DF OF
1 Matt Duchene Alex Galchenyuk 60 0 2 3
2 Stephen Weiss David Booth 40 0 2 3
4 vs 4 Defense
Defense Defense Time % Phy DF OF
1 Erik Gudbranson Jonathan Sigalet 60 0 2 3
2 Brandon Gormley Mark Pysyk 40 1 2 2
Last Minutes Offensive
Center Left Wing Right Wing Defense Defense
Matt Duchene Alex Galchenyuk Marek Svatos Erik Gudbranson Brandon Gormley
Last Minutes Defensive
Center Left Wing Right Wing Defense Defense
Kyle Wellwood Linus Omark Chad Larose Erik Gudbranson Jonathan Sigalet
Goaltenders
Starting : Petr Mrazek
Backup : Braden Holtby
Extra Forwards
Normal : David Booth, Alex Galchenyuk, Matt Duchene - PP : David Booth, Alex Galchenyuk - PK : Marek Svatos
Extra Defensemen
Normal : Mark Pysyk, Brandon Gormley, Erik Gudbranson - PP : Mark Pysyk - PK : Brandon Gormley, Jonathan Sigalet
Penalty Shots
Alex Galchenyuk, Kyle Wellwood, Stephen Weiss, David Booth, Matt Duchene
Scratches
Steve Montador (Head Injury), Travis Zajac (Right Ankle Injury), Matt Irwin (Right Eye Injury)
% Time on Ice - Flyers
Lines # - Real PCT - Wanted PCT - Time Play
Normal Forward
1 - 30% - 30% - 14:55
2 - 32% - 30% - 15:39
3 - 25% - 30% - 12:10
4 - 14% - 10% - 6:43
Normal Defense
1 - 42% - 40% - 20:55
2 - 32% - 30% - 16:00
3 - 20% - 20% - 9:44
4 - 6% - 10% - 2:48
PP Forward
1 - 61% - 60% - 4:24
2 - 39% - 40% - 2:51
PP Defense
1 - 67% - 60% - 4:50
2 - 33% - 40% - 2:25
PK Forward
1 - 95% - 60% - 2:03
2 - 5% - 40% - 0:07
PK Defense
1 - 65% - 60% - 1:25
2 - 35% - 40% - 0:45
PK3 Forward
1 - 0% - 60%
2 - 0% - 40%
PK3 Defense
1 - 0% - 60%
2 - 0% - 40%
44 Forward
1 - 0% - 60%
2 - 0% - 40%
44 Defense
1 - 0% - 60%
2 - 0% - 40%
Last Minute Offensive - 0:00
Last Minute Defensive - 1:08
Total
Forward - 60:00
Defense - 60:00
|
% Time on Ice - Panthers
Lines # - Real PCT - Wanted PCT - Time Play
Normal Forward
1 - 35% - 40% - 17:22
2 - 32% - 30% - 16:05
3 - 18% - 20% - 8:48
4 - 15% - 10% - 7:16
Normal Defense
1 - 41% - 40% - 20:19
2 - 28% - 30% - 13:45
3 - 25% - 20% - 12:29
4 - 6% - 10% - 2:58
PP Forward
1 - 47% - 60% - 1:01
2 - 53% - 40% - 1:09
PP Defense
1 - 70% - 60% - 1:31
2 - 30% - 40% - 0:39
PK Forward
1 - 71% - 60% - 5:11
2 - 29% - 40% - 2:04
PK Defense
1 - 66% - 60% - 4:47
2 - 34% - 40% - 2:28
PK3 Forward
1 - 0% - 60%
2 - 0% - 40%
PK3 Defense
1 - 0% - 60%
2 - 0% - 40%
44 Forward
1 - 0% - 60%
2 - 0% - 40%
44 Defense
1 - 0% - 60%
2 - 0% - 40%
Last Minute Offensive - 1:04
Last Minute Defensive - 0:00
Total
Forward - 60:00
Defense - 60:00
|
Play-by-Play
1st period
0:01 of 1st period - Jeff Carter wins face-off versus Matt Duchene in neutral zone.
0:44 of 1st period - Wrist shot by Matt Duchene.
0:44 of 1st period - Shot Misses the Net.
1:04 of 1st period - Wrist shot by Marcus Kruger.
1:04 of 1st period - Shot Misses the Net.
1:06 of 1st period - Backhand shot by Oliver Ekman-Larsson.
1:06 of 1st period - Deflect By Mats Zuccarello.
1:06 of 1st period - Stopped by Petr Mrazek without a rebound.
1:07 of 1st period - Matthew Lombardi wins face-off versus Kyle Wellwood in Panthers zone.
1:08 of 1st period - Snap shot by Ryan Callahan.
1:08 of 1st period - Shot Misses the Net.
1:20 of 1st period - Slapshot by Ryan Callahan.
1:20 of 1st period - Stopped by Petr Mrazek without a rebound.
1:21 of 1st period - Stephen Weiss wins face-off versus Marcus Kruger in Panthers zone.
1:21 of 1st period - Stephen Weiss is hit by Mats Zuccarello.
1:49 of 1st period - Lubomir Visnovsky is hit by Nathan Beaulieu and loses puck.
2:40 of 1st period - Wrist shot by Alex Galchenyuk.
2:40 of 1st period - Shot Misses the Net.
2:42 of 1st period - Slapshot by Mark Pysyk.
2:42 of 1st period - Shot Blocked by Jeff Woywitka.
2:52 of 1st period - David Booth is hit by Jeff Woywitka.
2:58 of 1st period - Slapshot by Erik Gudbranson.
2:58 of 1st period - Shot Blocked by Marcus Kruger.
3:00 of 1st period - Slapshot by Jonathan Sigalet.
3:00 of 1st period - Stopped by Steve Mason without a rebound.
3:01 of 1st period - Jeff Carter wins face-off versus Kyle Wellwood in Flyers zone.
3:06 of 1st period - Jonathan Sigalet is hit by Jonathan Ericsson and loses puck.
4:10 of 1st period - Slapshot by Jeff Carter.
4:10 of 1st period - Stopped by Petr Mrazek with a rebound.
4:20 of 1st period - Slapshot by Jeff Carter.
4:20 of 1st period - Shot Misses the Net.
4:22 of 1st period - Wrist shot by Drew Miller.
4:22 of 1st period - Shot Misses the Net.
4:24 of 1st period - Snap shot by Matt Smaby.
4:24 of 1st period - Shot Misses the Net.
4:40 of 1st period - Wrist shot by Patrick Eaves.
4:40 of 1st period - Stopped by Steve Mason without a rebound.
4:41 of 1st period - Matt Duchene wins face-off versus Jordan Nolan in Flyers zone.
4:42 of 1st period - Slapshot by Alex Galchenyuk.
4:42 of 1st period - Shot Misses the Net.
4:48 of 1st period - Jeff Woywitka is hit by Matt Duchene and loses puck.
5:11 of 1st period - Slapshot by Alex Galchenyuk.
5:11 of 1st period - Stopped by Steve Mason with a rebound.
5:13 of 1st period - Wrist shot by Chad Larose.
5:13 of 1st period - Stopped by Steve Mason with a rebound.
5:15 of 1st period - Snap shot by David Booth.
5:15 of 1st period - Shot Blocked by Marcus Kruger.
5:17 of 1st period - Snap shot by David Booth.
5:17 of 1st period - Shot Misses the Net.
5:45 of 1st period - Wrist shot by Drew Stafford.
5:45 of 1st period - Stopped by Steve Mason without a rebound.
5:46 of 1st period - Alex Galchenyuk wins face-off versus Jordan Nolan in Flyers zone.
5:47 of 1st period - Wrist shot by Matt Duchene.
5:47 of 1st period - Stopped by Steve Mason with a rebound.
6:18 of 1st period - Slapshot by Stephen Weiss.
6:18 of 1st period - Shot Misses the Net.
6:56 of 1st period - David Booth is hit by Jordan Nolan and loses puck.
7:13 of 1st period - Slapshot by David Booth.
7:13 of 1st period - Stopped by Steve Mason without a rebound.
7:14 of 1st period - Jeff Carter wins face-off versus Matt Duchene in Flyers zone.
7:21 of 1st period - Snap shot by Matt Duchene.
7:21 of 1st period - Stopped by Steve Mason with a rebound.
7:41 of 1st period - Matt Smaby is hit by Mark Pysyk and loses puck.
10:00 of 1st period - Slapshot by Alex Galchenyuk.
10:00 of 1st period - Deflect By Marek Svatos.
10:00 of 1st period - Stopped by Steve Mason without a rebound.
10:01 of 1st period - Jeff Carter wins face-off versus Matt Duchene in Flyers zone.
10:11 of 1st period - Minor Penalty to Matt Duchene for Hooking.
10:12 of 1st period - Kyle Wellwood wins face-off versus Jeff Carter in Panthers zone.
12:11 of 1st period - Penalty to Matt Duchene is over, Matt Duchene is back on ice.
12:36 of 1st period - Snap shot by Daniel Paille.
12:36 of 1st period - Shot Misses the Net.
14:06 of 1st period - Snap shot by Kyle Wellwood.
14:06 of 1st period - Stopped by Steve Mason with a rebound.
14:31 of 1st period - Oliver Ekman-Larsson is hit by Jonathan Matsumoto and loses puck.
14:42 of 1st period - Alex Galchenyuk is hit by Jakub Voracek and loses puck.
15:20 of 1st period - Stephen Weiss is hit by Jeff Woywitka and loses puck.
16:13 of 1st period - Snap shot by Matthew Lombardi.
16:13 of 1st period - Stopped by Petr Mrazek without a rebound.
16:14 of 1st period - Kyle Wellwood wins face-off versus Matthew Lombardi in Panthers zone.
16:29 of 1st period - Slapshot by Jeff Woywitka.
16:29 of 1st period - Shot Blocked by Drew Stafford.
16:35 of 1st period - Snap shot by Ryan Callahan.
16:35 of 1st period - Shot Blocked by Mark Pysyk.
16:52 of 1st period - Off-side.
16:53 of 1st period - Matt Duchene wins face-off versus J.T. Miller in neutral zone.
17:14 of 1st period - Marek Svatos is hit by Nathan Beaulieu and loses puck.
18:26 of 1st period - Icing by Marcus Kruger.
18:27 of 1st period - Matt Duchene wins face-off versus Marcus Kruger in Flyers zone.
19:06 of 1st period - Wrist shot by Matt Duchene.
19:06 of 1st period - Stopped by Steve Mason without a rebound.
19:07 of 1st period - Stephen Weiss wins face-off versus Brock Nelson in Flyers zone.
19:52 of 1st period - Icing by Jonathan Ericsson.
19:53 of 1st period - Jeff Carter wins face-off versus Jonathan Matsumoto in Flyers zone.
Goals for this period are 0 for Flyers vs 0 for Panthers.
Shots for this period are 4 for Flyers vs 11 for Panthers.
2nd period
0:01 of 2nd period - Jordan Nolan wins face-off versus Matt Duchene in neutral zone.
0:06 of 2nd period - Snap shot by Brock Nelson.
0:06 of 2nd period - Deflect By Jordan Nolan.
0:06 of 2nd period - Stopped by Petr Mrazek with a rebound.
0:38 of 2nd period - Wrist shot by Stephen Weiss.
0:38 of 2nd period - Stopped by Steve Mason without a rebound.
0:39 of 2nd period - Jakub Voracek wins face-off versus Stephen Weiss in Flyers zone.
1:06 of 2nd period - Brock Nelson is hit by Brandon Gormley and loses puck.
1:55 of 2nd period - Snap shot by Stephen Weiss.
1:55 of 2nd period - Stopped by Steve Mason with a rebound.
2:44 of 2nd period - Slapshot by Marek Svatos.
2:44 of 2nd period - Stopped by Steve Mason with a rebound.
3:04 of 2nd period - Slapshot by Marcus Kruger.
3:04 of 2nd period - Shot Blocked by Mark Pysyk.
3:06 of 2nd period - Backhand shot by Marcus Kruger.
3:06 of 2nd period - Stopped by Petr Mrazek without a rebound.
3:07 of 2nd period - Matt Duchene wins face-off versus Jordan Nolan in Panthers zone.
4:17 of 2nd period - Wrist shot by Daniel Paille.
4:17 of 2nd period - Stopped by Steve Mason without a rebound.
4:18 of 2nd period - Jonathan Matsumoto wins face-off versus Jordan Nolan in Flyers zone.
4:21 of 2nd period - Wrist shot by Daniel Paille.
4:21 of 2nd period - Shot Misses the Net.
4:23 of 2nd period - Wrist shot by Patrick Eaves.
4:23 of 2nd period - Goal by Patrick Eaves - Flyers : 0 - Panthers : 1.
4:24 of 2nd period - Marcus Kruger wins face-off versus Matt Duchene in neutral zone.
4:35 of 2nd period - Snap shot by Marek Svatos.
4:35 of 2nd period - Stopped by Steve Mason with a rebound.
4:37 of 2nd period - Wrist shot by Marek Svatos.
4:37 of 2nd period - Deflect By Matt Duchene.
4:37 of 2nd period - Stopped by Steve Mason with a rebound.
4:39 of 2nd period - Wrist shot by Erik Gudbranson.
4:39 of 2nd period - Stopped by Steve Mason without a rebound.
4:40 of 2nd period - Stephen Weiss wins face-off versus Jeff Carter in Flyers zone.
4:45 of 2nd period - Snap shot by Chad Larose.
4:45 of 2nd period - Shot Misses the Net.
5:28 of 2nd period - Slapshot by J.T. Miller.
5:28 of 2nd period - Shot Blocked by Linus Omark.
5:37 of 2nd period - Off-side.
5:38 of 2nd period - Stephen Weiss wins face-off versus Jordan Nolan in neutral zone.
5:52 of 2nd period - Wrist shot by Tomas Kubalik.
5:52 of 2nd period - Shot Blocked by Jonathan Sigalet.
5:54 of 2nd period - Wrist shot by Tomas Kubalik.
5:54 of 2nd period - Deflect By Brock Nelson.
5:54 of 2nd period - Stopped by Petr Mrazek without a rebound.
5:55 of 2nd period - Jeff Carter wins face-off versus Matt Duchene in Panthers zone.
6:32 of 2nd period - Snap shot by Stephen Weiss.
6:32 of 2nd period - Stopped by Steve Mason with a rebound.
6:43 of 2nd period - Off-side.
6:44 of 2nd period - Kyle Wellwood wins face-off versus Matthew Lombardi in neutral zone.
7:36 of 2nd period - Matt Smaby is hit by Jonathan Matsumoto and loses puck.
7:52 of 2nd period - Snap shot by Jordan Nolan.
7:52 of 2nd period - Goal by Jordan Nolan - Flyers : 1 - Panthers : 1.
7:53 of 2nd period - Matt Duchene wins face-off versus Marcus Kruger in neutral zone.
8:00 of 2nd period - Snap shot by Alex Galchenyuk.
8:00 of 2nd period - Shot Blocked by Mats Zuccarello.
8:30 of 2nd period - Snap shot by Jakub Voracek.
8:30 of 2nd period - Shot Misses the Net.
8:32 of 2nd period - Wrist shot by Jakub Voracek.
8:32 of 2nd period - Stopped by Petr Mrazek without a rebound.
8:33 of 2nd period - Matt Duchene wins face-off versus Jordan Nolan in Panthers zone.
8:44 of 2nd period - Snap shot by Alex Galchenyuk.
8:44 of 2nd period - Stopped by Steve Mason without a rebound.
8:45 of 2nd period - Matt Duchene wins face-off versus Jeff Carter in Flyers zone.
8:50 of 2nd period - Snap shot by Matt Duchene.
8:50 of 2nd period - Stopped by Steve Mason without a rebound.
8:51 of 2nd period - Matt Duchene wins face-off versus Jeff Carter in Flyers zone.
9:04 of 2nd period - Snap shot by Jakub Voracek.
9:04 of 2nd period - Shot Misses the Net.
9:06 of 2nd period - Snap shot by Oliver Ekman-Larsson.
9:06 of 2nd period - Stopped by Petr Mrazek without a rebound.
9:06 of 2nd period - Minor Penalty to Petr Mrazek for Delaying the game.
9:07 of 2nd period - Kyle Wellwood wins face-off versus Jeff Carter in Panthers zone.
9:38 of 2nd period - Snap shot by Mats Zuccarello.
9:38 of 2nd period - Stopped by Petr Mrazek with a rebound.
9:40 of 2nd period - Snap shot by Marcus Kruger.
9:40 of 2nd period - Goal by Marcus Kruger - Flyers : 2 - Panthers : 1.
9:41 of 2nd period - Marcus Kruger wins face-off versus Matt Duchene in neutral zone.
10:17 of 2nd period - Off-side.
10:18 of 2nd period - Jordan Nolan wins face-off versus Matt Duchene in neutral zone.
10:33 of 2nd period - Brandon Gormley is hit by Jonathan Ericsson and loses puck.
10:40 of 2nd period - Jordan Nolan is hit by Matt Duchene and loses puck.
11:12 of 2nd period - Slapshot by Matt Smaby.
11:12 of 2nd period - Shot Misses the Net.
11:14 of 2nd period - Slapshot by Matt Smaby.
11:14 of 2nd period - Deflect By Brandon Gormley.
11:14 of 2nd period - Stopped by Petr Mrazek with a rebound.
11:16 of 2nd period - Snap shot by Tomas Kubalik.
11:16 of 2nd period - Deflect By Jordan Nolan.
11:16 of 2nd period - Stopped by Petr Mrazek without a rebound.
11:17 of 2nd period - Marcus Kruger wins face-off versus Stephen Weiss in Panthers zone.
11:44 of 2nd period - Stephen Weiss is hit by Chris Mcallister and loses puck.
11:53 of 2nd period - Snap shot by Chris Mcallister.
11:53 of 2nd period - Shot Misses the Net.
11:55 of 2nd period - Wrist shot by Matthew Lombardi.
11:55 of 2nd period - Shot Misses the Net.
11:57 of 2nd period - Snap shot by Ryan Callahan.
11:57 of 2nd period - Stopped by Petr Mrazek with a rebound.
12:15 of 2nd period - Snap shot by Matt Duchene.
12:15 of 2nd period - Shot Misses the Net.
12:17 of 2nd period - Slapshot by Jonathan Sigalet.
12:17 of 2nd period - Shot Blocked by Brian Lashoff.
12:42 of 2nd period - Wrist shot by Drew Stafford.
12:42 of 2nd period - Shot Misses the Net.
13:04 of 2nd period - Snap shot by Matthew Lombardi.
13:04 of 2nd period - Goal by Matthew Lombardi - Flyers : 3 - Panthers : 1.
13:05 of 2nd period - Matt Duchene wins face-off versus Jeff Carter in neutral zone.
13:12 of 2nd period - Slapshot by Matt Duchene.
13:12 of 2nd period - Stopped by Steve Mason with a rebound.
13:39 of 2nd period - Snap shot by David Booth.
13:39 of 2nd period - Shot Misses the Net.
13:41 of 2nd period - Wrist shot by David Booth.
13:41 of 2nd period - Goal by David Booth - Flyers : 3 - Panthers : 2.
13:42 of 2nd period - Matt Duchene wins face-off versus Marcus Kruger in neutral zone.
13:50 of 2nd period - Backhand shot by J.T. Miller.
13:50 of 2nd period - Stopped by Petr Mrazek with a rebound.
13:52 of 2nd period - Slapshot by Jeff Woywitka.
13:52 of 2nd period - Shot Misses the Net.
13:54 of 2nd period - Slapshot by Oliver Ekman-Larsson.
13:54 of 2nd period - Shot Blocked by Erik Gudbranson.
14:15 of 2nd period - Snap shot by David Booth.
14:15 of 2nd period - Stopped by Steve Mason without a rebound.
14:16 of 2nd period - Jordan Nolan wins face-off versus Stephen Weiss in Flyers zone.
14:27 of 2nd period - Wrist shot by Jordan Nolan.
14:27 of 2nd period - Shot Misses the Net.
14:29 of 2nd period - Wrist shot by Jordan Nolan.
14:29 of 2nd period - Stopped by Petr Mrazek with a rebound.
14:59 of 2nd period - Minor Penalty to Marek Svatos for Holding.
15:00 of 2nd period - Jeff Carter wins face-off versus Kyle Wellwood in Panthers zone.
15:07 of 2nd period - Wrist shot by Jakub Voracek.
15:07 of 2nd period - Shot Blocked by Jonathan Sigalet.
15:09 of 2nd period - Snap shot by Jeff Woywitka.
15:09 of 2nd period - Shot Misses the Net.
15:11 of 2nd period - Backhand shot by Jakub Voracek.
15:11 of 2nd period - Shot Misses the Net.
15:13 of 2nd period - Snap shot by Jonathan Ericsson.
15:13 of 2nd period - Deflect By Jeff Carter.
15:13 of 2nd period - Shot Misses the Net.
15:13 of 2nd period - Puck is out of play.
15:14 of 2nd period - Kyle Wellwood wins face-off versus Jeff Carter in Panthers zone.
15:27 of 2nd period - Slapshot by Jonathan Ericsson.
15:27 of 2nd period - Stopped by Petr Mrazek without a rebound.
15:28 of 2nd period - Jeff Carter wins face-off versus Kyle Wellwood in Panthers zone.
15:43 of 2nd period - Wrist shot by Jeff Carter.
15:43 of 2nd period - Goal by Jeff Carter - Flyers : 4 - Panthers : 2.
15:44 of 2nd period - Matt Duchene wins face-off versus Marcus Kruger in neutral zone.
15:47 of 2nd period - Slapshot by Alex Galchenyuk.
15:47 of 2nd period - Stopped by Steve Mason with a rebound.
15:49 of 2nd period - Snap shot by Alex Galchenyuk.
15:49 of 2nd period - Stopped by Steve Mason with a rebound.
15:51 of 2nd period - Snap shot by Erik Gudbranson.
15:51 of 2nd period - Stopped by Steve Mason without a rebound.
15:52 of 2nd period - Matt Duchene wins face-off versus J.T. Miller in Flyers zone.
16:36 of 2nd period - Wrist shot by J.T. Miller.
16:36 of 2nd period - Stopped by Petr Mrazek without a rebound.
16:37 of 2nd period - Stephen Weiss wins face-off versus Tomas Kubalik in Panthers zone.
17:34 of 2nd period - Minor Penalty to Jonathan Matsumoto for Slashing.
17:35 of 2nd period - Jeff Carter wins face-off versus Kyle Wellwood in Panthers zone.
18:12 of 2nd period - Snap shot by Jeff Woywitka.
18:12 of 2nd period - Stopped by Petr Mrazek with a rebound.
19:00 of 2nd period - Nathan Beaulieu is hit by Matt Duchene.
19:34 of 2nd period - Penalty to Jonathan Matsumoto is over, Jonathan Matsumoto is back on ice.
Goals for this period are 4 for Flyers vs 2 for Panthers.
Shots for this period are 18 for Flyers vs 17 for Panthers.
3rd period
0:01 of 3rd period - Matt Duchene wins face-off versus Brock Nelson in neutral zone.
0:04 of 3rd period - Tomas Kubalik is hit by Alex Galchenyuk.
0:16 of 3rd period - Snap shot by Jordan Nolan.
0:16 of 3rd period - Stopped by Petr Mrazek without a rebound.
0:17 of 3rd period - Stephen Weiss wins face-off versus Marcus Kruger in Panthers zone.
0:17 of 3rd period - Stephen Weiss is hit by Oliver Ekman-Larsson.
0:25 of 3rd period - Slapshot by Erik Gudbranson.
0:25 of 3rd period - Deflect By Stephen Weiss.
0:25 of 3rd period - Stopped by Steve Mason with a rebound.
0:27 of 3rd period - Slapshot by Erik Gudbranson.
0:27 of 3rd period - Shot Misses the Net.
0:29 of 3rd period - Snap shot by David Booth.
0:29 of 3rd period - Stopped by Steve Mason without a rebound.
0:30 of 3rd period - Jordan Nolan wins face-off versus Matt Duchene in Flyers zone.
0:32 of 3rd period - Minor Penalty to Tomas Kubalik for Hooking.
0:33 of 3rd period - Matt Duchene wins face-off versus Matthew Lombardi in Flyers zone.
0:43 of 3rd period - Slapshot by Alex Galchenyuk.
0:43 of 3rd period - Goal by Alex Galchenyuk - Flyers : 4 - Panthers : 3.
0:44 of 3rd period - Matt Duchene wins face-off versus Jordan Nolan in neutral zone.
0:47 of 3rd period - Slapshot by Erik Gudbranson.
0:47 of 3rd period - Shot Blocked by Jordan Nolan.
0:53 of 3rd period - Slapshot by Brock Nelson.
0:53 of 3rd period - Stopped by Petr Mrazek with a rebound.
0:59 of 3rd period - Snap shot by Tomas Kubalik.
0:59 of 3rd period - Deflect By Jordan Nolan.
0:59 of 3rd period - Shot Misses the Net.
0:59 of 3rd period - Puck is out of play.
1:00 of 3rd period - Stephen Weiss wins face-off versus Jeff Carter in Panthers zone.
1:09 of 3rd period - Jonathan Sigalet is hit by Drew Miller and loses puck.
1:16 of 3rd period - Snap shot by Jeff Carter.
1:16 of 3rd period - Shot Blocked by Chad Larose.
1:38 of 3rd period - Minor Penalty to Marek Svatos for Hooking.
1:39 of 3rd period - Jakub Voracek wins face-off versus Kyle Wellwood in Panthers zone.
1:49 of 3rd period - Snap shot by Jeff Carter.
1:49 of 3rd period - Stopped by Petr Mrazek without a rebound.
1:50 of 3rd period - Kyle Wellwood wins face-off versus Jeff Carter in Panthers zone.
1:59 of 3rd period - Erik Gudbranson is hit by Jakub Voracek.
2:15 of 3rd period - Jonathan Sigalet is hit by J.T. Miller and loses puck.
2:20 of 3rd period - Wrist shot by Marcus Kruger.
2:20 of 3rd period - Shot Blocked by Chad Larose.
3:38 of 3rd period - Penalty to Marek Svatos is over, Marek Svatos is back on ice.
3:51 of 3rd period - Matt Duchene is hit by Jordan Nolan and loses puck.
4:04 of 3rd period - Jonathan Ericsson is hit by Jonathan Matsumoto and loses puck.
4:12 of 3rd period - Icing by Matt Smaby.
4:13 of 3rd period - Kyle Wellwood wins face-off versus Matthew Lombardi in Flyers zone.
4:20 of 3rd period - Backhand shot by Kyle Wellwood.
4:20 of 3rd period - Stopped by Steve Mason without a rebound.
4:21 of 3rd period - Jeff Carter wins face-off versus Kyle Wellwood in Flyers zone.
4:26 of 3rd period - Jeff Carter is hit by Linus Omark and loses puck.
4:45 of 3rd period - Snap shot by Linus Omark.
4:45 of 3rd period - Shot Misses the Net.
4:47 of 3rd period - Slapshot by Brandon Gormley.
4:47 of 3rd period - Deflect By Jakub Voracek.
4:47 of 3rd period - Stopped by Steve Mason with a rebound.
4:49 of 3rd period - Snap shot by Drew Stafford.
4:49 of 3rd period - Shot Misses the Net.
4:51 of 3rd period - Slapshot by Brandon Gormley.
4:51 of 3rd period - Deflect By Drew Stafford.
4:51 of 3rd period - Shot Misses the Net.
4:51 of 3rd period - Puck is out of play.
4:52 of 3rd period - Matt Duchene wins face-off versus Marcus Kruger in Flyers zone.
4:53 of 3rd period - Slapshot by Marek Svatos.
4:53 of 3rd period - Stopped by Steve Mason without a rebound.
4:54 of 3rd period - Matt Duchene wins face-off versus Brock Nelson in Flyers zone.
4:55 of 3rd period - Snap shot by Marek Svatos.
4:55 of 3rd period - Stopped by Steve Mason without a rebound.
4:56 of 3rd period - Jordan Nolan wins face-off versus Matt Duchene in Flyers zone.
4:58 of 3rd period - Minor Penalty to Matt Smaby for Hooking.
4:59 of 3rd period - Matthew Lombardi wins face-off versus Matt Duchene in Flyers zone.
6:46 of 3rd period - Drew Stafford is hit by Jeff Woywitka and loses puck.
6:58 of 3rd period - Penalty to Matt Smaby is over, Matt Smaby is back on ice.
7:09 of 3rd period - Snap shot by David Booth.
7:09 of 3rd period - Shot Blocked by Brian Lashoff.
7:11 of 3rd period - Snap shot by Stephen Weiss.
7:11 of 3rd period - Shot Blocked by Jeff Woywitka.
7:13 of 3rd period - Wrist shot by Erik Gudbranson.
7:13 of 3rd period - Deflect By Stephen Weiss.
7:13 of 3rd period - Stopped by Steve Mason with a rebound.
7:15 of 3rd period - Backhand shot by Erik Gudbranson.
7:15 of 3rd period - Shot Misses the Net.
7:39 of 3rd period - Snap shot by David Booth.
7:39 of 3rd period - Stopped by Steve Mason with a rebound.
9:07 of 3rd period - Off-side.
9:08 of 3rd period - Matt Duchene wins face-off versus Marcus Kruger in neutral zone.
9:17 of 3rd period - Wrist shot by Alex Galchenyuk.
9:17 of 3rd period - Shot Blocked by Marcus Kruger.
9:19 of 3rd period - Slapshot by Lubomir Visnovsky.
9:19 of 3rd period - Shot Blocked by Oliver Ekman-Larsson.
9:21 of 3rd period - Slapshot by Marek Svatos.
9:21 of 3rd period - Stopped by Steve Mason with a rebound.
9:23 of 3rd period - Slapshot by Christian Ehrhoff.
9:23 of 3rd period - Shot Misses the Net.
10:20 of 3rd period - Matt Duchene is hit by Jonathan Ericsson and loses puck.
10:50 of 3rd period - Christian Ehrhoff is hit by Jakub Voracek and loses puck.
11:03 of 3rd period - Slapshot by Jonathan Matsumoto.
11:03 of 3rd period - Stopped by Steve Mason without a rebound.
11:04 of 3rd period - Jordan Nolan wins face-off versus Jonathan Matsumoto in Flyers zone.
11:04 of 3rd period - Jordan Nolan is hit by Chad Larose.
12:25 of 3rd period - Marcus Kruger is hit by Jonathan Sigalet and loses puck.
15:50 of 3rd period - Matt Smaby is hit by Daniel Paille.
16:12 of 3rd period - Jordan Nolan is hit by Marek Svatos and loses puck.
17:15 of 3rd period - Brock Nelson is hit by Daniel Paille and loses puck.
17:45 of 3rd period - Wrist shot by Drew Miller.
17:45 of 3rd period - Stopped by Petr Mrazek with a rebound.
18:14 of 3rd period - Icing by Jonathan Matsumoto.
18:15 of 3rd period - Jeff Carter wins face-off versus Jonathan Matsumoto in Panthers zone.
18:40 of 3rd period - Jonathan Sigalet is hit by Drew Miller and loses puck.
18:47 of 3rd period - Brandon Gormley is hit by Nathan Beaulieu and loses puck.
18:58 of 3rd period - Wrist shot by Ryan Callahan.
18:58 of 3rd period - Stopped by Petr Mrazek with a rebound.
19:00 of 3rd period - Slapshot by Jeff Woywitka.
19:00 of 3rd period - Shot Misses the Net.
19:02 of 3rd period - Slapshot by Chris Mcallister.
19:02 of 3rd period - Shot Misses the Net.
19:04 of 3rd period - Snap shot by Chris Mcallister.
19:04 of 3rd period - Stopped by Petr Mrazek without a rebound.
19:05 of 3rd period - Alain Vigneault call a timeout for Panthers.
19:05 of 3rd period - Ryan Callahan wins face-off versus Kyle Wellwood in Panthers zone.
19:06 of 3rd period - Snap shot by Matthew Lombardi.
19:06 of 3rd period - Stopped by Petr Mrazek without a rebound.
19:07 of 3rd period - Kyle Wellwood wins face-off versus Matthew Lombardi in Panthers zone.
19:16 of 3rd period - Wrist shot by Matthew Lombardi.
19:16 of 3rd period - Stopped by Petr Mrazek with a rebound.
19:18 of 3rd period - Snap shot by Matthew Lombardi.
19:18 of 3rd period - Shot Blocked by Chad Larose.
19:20 of 3rd period - Wrist shot by Jeff Woywitka.
19:20 of 3rd period - Stopped by Petr Mrazek without a rebound.
19:21 of 3rd period - Kyle Wellwood wins face-off versus Matthew Lombardi in Panthers zone.
19:51 of 3rd period - Panthers, Petr Mrazek is pulled from the net.
Goals for this period are 0 for Flyers vs 1 for Panthers.
Shots for this period are 9 for Flyers vs 11 for Panthers.
Back to the Top